 Dungeon Crawl Stone Soup version 0.22.0-13-g43fe8f2 (webtiles) character file.

1981 bosm the Basher (level 9, -13/64 HPs)
             Began as a Formicid Transmuter on Aug 16, 2018.
             Was a Follower of Okawaru.
             Killed from afar by a gargoyle (21 damage)
             ... with a stone arrow
             ... on level 5 of the Dungeon.
             The game lasted 00:17:40 (7991 turns).

bosm the Basher (Formicid Transmuter)               Turns: 7991, Time: 00:17:40

Health: -13/64     AC: 20    Str: 17    XL:     9   Next: 44%
Magic:  12/12      EV:  6    Int: 14    God:    Okawaru [*.....]
Gold:   214        SH:  0    Dex: 11    Spells: 11/12 levels left

rFire    + . .     SeeInvis +   b - +2 flail (protect)
rCold    + . .     Gourm    .   (no shield)
rNeg     . . .     Faith    .   g - +0 plate armour
rPois    +         Spirit   .   (helmet unavailable)
rElec    +         Reflect  .   (no cloak)
rCorr    +         Harm     .   (no gloves)
MR       .....                  (no boots)
Stlth    ..........             (no amulet)
HPRegen  0.20/turn              (no ring)
MPRegen  0.13/turn              (no ring)

@: resistant, protection aura
A: permanent stasis, dig shafts and tunnels, four strong arms, antennae 3
a: Dig, Shaft Self, Heroism, Renounce Religion


You were on level 5 of the Dungeon.
You worshipped Okawaru.
Okawaru was aware of your devotion.
You were not hungry.

You visited 2 branches of the dungeon, and saw 6 of its levels.

You collected 214 gold pieces.

Inventory:

Hand Weapons
 b - a +2 flail of protection (weapon)
 h - a +0 whip of electrocution
 o - a +2 whip of freezing
Missiles
 a - 7 bolts
 l - a throwing net (quivered)
Armour
 g - a +0 plate armour (worn)
Wands
 c - a wand of enslavement (1)
 e - a wand of flame (19)
 i - a wand of disintegration (9)
Scrolls
 m - 3 scrolls of identify
 p - a scroll of remove curse {unknown}
Potions
 j - 2 potions of cancellation
 n - a potion of brilliance
Comestibles
 d - 8 rations
 q - a chunk of flesh


   Skills:
 + Level 3.5 Fighting
 * Level 9.1 Maces & Flails
 - Level 7.0 Armour
 - Level 1.7 Dodging
 - Level 3.0 Unarmed Combat
 - Level 2.1 Spellcasting
 - Level 2.1 Transmutations
 + Level 1.0 Invocations


You had 11 spell levels left.
You knew the following spells:

 Your Spells              Type           Power        Failure   Level  Hunger
a - Beastly Appendage     Tmut           #.....       97%         1    #......

Your spell library contained the following spells:

 Spells                   Type           Power        Failure   Level  Hunger
 Spider Form              Tmut/Pois      #.........   100%        3    ###....
 Blade Hands              Tmut           #.........   100%        5    ######.
 Ice Form                 Ice/Tmut       #.......     100%        4    #####..
 Sticks to Snakes         Tmut           #.......     99%         2    ###....


Dungeon Overview and Level Annotations

Branches:
Dungeon (5/15)             Temple (1/1) D:4

Altars:
Cheibriados
Dithmenos
Elyvilon
Nemelex Xobeh
Okawaru
Ru
Vehumet
Xom
Yredelemnul

Annotations:
D:5 2 runed doors


Innate Abilities, Weirdness & Mutations

You cannot be hasted, slowed, berserked, paralysed or teleported.
You can dig through walls and to a lower floor.
Your four strong arms can wield two-handed weapons with a shield.
You have a pair of large antennae on your head. (SInv)


Message History

The gargoyle is heavily damaged.
The gargoyle hurls a stone arrow at you.
The stone arrow hits you!
* * * LOW HITPOINT WARNING * * *
You feel protected.
The gargoyle hurls a stone arrow at you.
The stone arrow hits you!
As you read the scroll labeled SESOUGH UGYAT, it crumbles to dust.
You hear a burbling brook.
It was a scroll of random uselessness.
The gargoyle barely misses you.
You hit the gargoyle but do no damage.
The gargoyle is heavily damaged.
The gargoyle hits you but does no damage.
You hit the gargoyle but do no damage.
The gargoyle is heavily damaged.
You barely miss the gargoyle.
The gargoyle is heavily damaged.
The gargoyle hurls a stone arrow at you.
The stone arrow hits you!
You die...

..# #.# #.#
#.###.# #.#
#.....# #.#
###.#.# #.#
....#.# #.#
#####.# #.# .
# #.#
#.#########..#
# #.#
#.##.........#
# #.#
#.....@9.....#
## .#
####..##++##.+
.# #.## .# #.#
.# ..# { .#
#..# { ## #..#
# #..# #


You could see a gargoyle.

Vanquished Creatures
  Pikel (D:5)
  Edmund (D:4)
  Duvessa (D:5)
  A slave (D:5)
  An ogre (D:5)
  Dowan (D:5)
  A scorpion (D:5)
  A vampire bat (D:3)
  A crimson imp (D:5)
  4 orc wizards
  A gnoll shaman (D:5)
  4 orc priests
  A bullfrog skeleton (D:4)
  2 hounds
  Ijyb (D:3)
  2 worker ants (D:4)
  44 gnolls
  A howler monkey skeleton (D:4)
  7 adders
  An ooze (D:2)
  A worm (D:4)
  2 dart slugs
  2 leopard geckos
  22 orcs
  A ball python (D:2)
  22 bats
  7 giant cockroaches
  5 hobgoblins
  20 jackals
  4 frilled lizards
  6 goblins
  9 kobolds
  A leopard gecko skeleton (D:5)
  10 rats
  2 plants (D:1)
191 creatures vanquished.

Vanquished Creatures (others)
  A slave (D:5)
  A centaur zombie (D:5)
  A hound (D:5)
  2 gnolls (D:5)
  A leopard gecko (D:5)
6 creatures vanquished.

Grand Total: 197 creatures vanquished

Notes
Turn   | Place    | Note
-------+----------+-------------------------------------------
     0 | D:1      | bosm the Formicid Transmuter began the quest for the Orb.
     0 | D:1      | Reached XP level 1. HP: 15/15 MP: 3/3
   239 | D:1      | Reached XP level 2. HP: 17/22 MP: 5/5
   248 | D:1      | Reached skill level 1 in Armour
   497 | D:2      | Reached XP level 3. HP: 16/28 MP: 6/6
  1252 | D:2      | Reached skill level 1 in Maces & Flails
  1252 | D:2      | Reached XP level 4. HP: 15/35 MP: 7/7
  1594 | D:2      | Found a sparkling altar of Nemelex Xobeh.
  1869 | D:2      | Reached skill level 2 in Maces & Flails
  1869 | D:2      | Reached XP level 5. HP: 39/41 MP: 8/8
  1999 | D:2      | Noticed a water moccasin
  3051 | D:3      | Reached skill level 3 in Maces & Flails
  3305 | D:3      | Reached XP level 6. HP: 43/47 MP: 9/9
  3805 | D:3      | Reached skill level 4 in Maces & Flails
  4083 | D:3      | Found a snail-covered altar of Cheibriados.
  4175 | D:3      | Reached XP level 7. HP: 47/52 MP: 10/10
  4227 | D:3      | Noticed Ijyb
  4283 | D:3      | Killed Ijyb
  4986 | D:4      | Noticed Edmund
  4995 | D:4      | Killed Edmund
  4995 | D:4      | Reached skill level 5 in Maces & Flails
  5139 | D:4      | Reached XP level 8. HP: 34/58 MP: 11/11
  5274 | D:4      | Reached skill level 6 in Maces & Flails
  5336 | D:4      | Found a white marble altar of Elyvilon.
  5532 | D:4      | Reached skill level 5 in Armour
  6566 | D:4      | Reached skill level 7 in Maces & Flails
  6661 | D:4      | Found a staircase to the Ecumenical Temple.
  6666 | Temple   | Entered the Ecumenical Temple
  6684 | Temple   | Became a worshipper of Warmaster Okawaru
  6796 | D:5      | Entered Level 5 of the Dungeon
  6885 | D:5      | Noticed Pikel
  6931 | D:5      | Killed Pikel
  6931 | D:5      | Reached * piety under Okawaru
  6931 | D:5      | Reached skill level 8 in Maces & Flails
  6931 | D:5      | Reached XP level 9. HP: 18/64 MP: 12/12
  7310 | D:5      | Noticed Dowan
  7528 | D:5      | Killed Dowan
  7720 | D:5      | Found a sacrificial altar of Ru.
  7791 | D:5      | Noticed Duvessa
  7807 | D:5      | Killed Duvessa
  7807 | D:5      | Reached skill level 9 in Maces & Flails
  7818 | D:5      | Reached skill level 1 in Invocations
  7970 | D:5      | Found a large runed door.
  7971 | D:5      | Found a large runed door.
  7973 | D:5      | Noticed a gargoyle
  7991 | D:5      | Killed from afar by a gargoyle

Skill      XL: |  1  2  3  4  5  6  7  8  9 |
---------------+----------------------------+-----
Fighting       | 2 3 |  3.5
Armour         | 1 2 3 4 6 7 |  7.0
Maces & Flails | 1 2 3 4 5 8 9 |  9.1
Invocations    | 1 |  1.0
Dodging        | |  1.7
Unarmed Combat | |  3.0
Spellcasting   | |  2.1
Transmutations | |  2.1

Action                   |  1- 3 |  4- 6 |  7- 9 || total
-------------------------+-------+-------+-------++-------
Melee: Short sword       |    48 |       |       ||    48
       Unarmed           |     2 |       |       ||     2
       Dagger            |   135 |    93 |       ||   228
       Punch             |       |     4 |       ||     4
       Flail             |       |   309 |   560 ||   869
       Whip              |       |       |    45 ||    45
Throw: Throwing net      |       |       |     1 ||     1
 Cast: Beastly Appendage |     1 |       |       ||     1
Invok: Heroism           |       |       |     1 ||     1
 Abil: Dig               |     5 |     8 |     4 ||    17
  Use: Potion            |     1 |     1 |     5 ||     7
       Scroll            |       |     2 |     8 ||    10
  Eat: Chunk             |     1 |    12 |    14 ||    27
Armor: Plate armour      |   158 |   434 |   431 ||  1023
       Skin              |       |    25 |       ||    25
Dodge: Dodged            |    47 |   123 |   174 ||   344
